 Dungeon Crawl Stone Soup version 0.23-a0-612-gcb482e9 (webtiles) character file.

30 Borgoz the Skirmisher (level 3, -3/31 HPs)
             Began as a Ghoul Abyssal Knight on Dec 21, 2018.
             Was a Follower of Lugonu.
             Slain by a worker ant (5 damage)
             ... on level 1 of the Dungeon.
             The game lasted 00:01:11 (1159 turns).

Borgoz the Skirmisher (Ghoul Abyssal Knight)        Turns: 1159, Time: 00:01:13

Health: -3/31      AC:  3    Str: 15    XL:     3   Next: 18%
Magic:  3/3        EV: 11    Int:  7    God:    Lugonu [*.....]
Gold:   93         SH:  0    Dex:  9    Spells: 2/2 levels left

rFire    . . .     SeeInvis .     - Unarmed
rCold    + . .     Gourm    .   (no shield)
rNeg     + + +     Faith    .   a - +0 leather armour
rPois    ∞         Spirit   .   (no helmet)
rElec    .         Reflect  .   (no cloak)
rCorr    .         Harm     .   (no gloves)
MR       .....                  (no boots)
Stlth    +.........             (no amulet)
HPRegen  0.00/turn              (no ring)
MPRegen  0.08/turn              (no ring)

@: rotting
A: rotting body, claws 1, carnivore, cold resistance 1, negative energy
resistance 3, inhibited regeneration, torment resistance, unbreathing
a: Depart the Abyss, Renounce Religion


You were on level 1 of the Dungeon.
You worshipped Lugonu.
Lugonu was aware of your devotion.
You were not hungry.

You visited 1 branch of the dungeon, and saw 2 of its levels.
You visited the Abyss 1 time.

You collected 93 gold pieces.

Inventory:

Missiles
 e - a throwing net (quivered)
Armour
 a - a +0 leather armour (worn)
Jewellery
 h - an uncursed ring of protection from magic {unknown}
Scrolls
 c - a scroll of amnesia {unknown}
 d - 2 scrolls of identify {unknown}
 g - 2 scrolls of noise {unknown}
Potions
 f - a potion of degeneration {unknown}
 j - a potion of brilliance {unknown}
Comestibles
 b - 3 rations


   Skills:
 + Level 3.6 Fighting
 + Level 2.1 Armour
 + Level 1.3 Dodging
 + Level 2.5 Unarmed Combat
 + Level 2.4 Invocations


You had 2 spell levels left.
You didn't know any spells.
Your spell library was empty.

Dungeon Overview and Level Annotations

Branches:
Dungeon (2/15)

Altars:


Innate Abilities, Weirdness & Mutations

Your body is rotting away.
You thrive on raw meat.
You are immune to poison.
You have sharp fingernails.
You are carnivorous and can eat meat at any time.
Your flesh is cold resistant. (rC+)
You are immune to negative energy. (rN+++)
You do not regenerate when monsters are visible.
You are immune to unholy pain and torment.
You can survive without breathing.


Message History

The quokka bites you. The quokka bites you.
There is a stone staircase leading up here.
The worker ant bites you. The quokka bites you.
* * * LOW HITPOINT WARNING * * *
You climb upwards.
There is a stone staircase leading down here.
You are too injured to fight recklessly!
You are too injured to fight recklessly!
You are too injured to fight recklessly!
You are too injured to fight recklessly!
You scratch the worker ant.
The worker ant is moderately wounded.
The worker ant bites you.
* * * LOW HITPOINT WARNING * * *
The quokka closely misses you.
You closely miss the worker ant.
The worker ant is moderately wounded.
The worker ant bites you.
You die...

######.###...........#
...........[...>####.#
######.###.##.#.# ##.## #.#
#.##.#.###...###
#.###.##.#.....#...# ###
#.##...#..####...#.### ..#
#.##..............#..#
#.####.##...#..####..##.#.#
#......###.....a@r...##[#.#
##########.##..####.###.#.#
#...##..# #.# #.#.#
#.#.##..####.# #.#.#
#.#.##.....#.# #.#.#
#.#.##.......# #.#.#
#.#.######.#.# #...#
#.#.#####....# #..##
#.#..........# #..#


You could see a worker ant and a quokka.

Vanquished Creatures
  An adder (D:2)
  A leopard gecko (D:1)
  5 bats
  3 hobgoblins
  2 jackals (D:1)
  2 frilled lizards (D:1)
  2 kobolds (D:1)
  2 rats (D:1)
18 creatures vanquished.

Notes
Turn   | Place    | Note
-------+----------+-------------------------------------------
     0 | Abyss:1  | Borgoz the Ghoul Abyssal Knight began the quest for the
                  | Orb.
     0 | Abyss:1  | Reached XP level 1. HP: 19/19 MP: 1/1
    93 | Abyss:1  | Noticed an ancient zyme
    95 | D:1      | Escaped the Abyss
   165 | D:1      | Reached skill level 1 in Dodging
   169 | D:1      | Reached * piety under Lugonu
   355 | D:1      | Reached XP level 2. HP: 26/26 MP: 2/2
   865 | D:2      | Reached XP level 3. HP: 22/31 MP: 3/3
  1159 | D:1      | Slain by a worker ant

Vault maps used:
D:1:      saegor_arrival_simple_e, minmay_misc_feat_diagonals
D:2:      old_standard_altar, elyvilon_altar_5, minmay_octomino_e4, uniq_robin

Skill      XL: |  1  2 |
---------------+-------+-----
Dodging        | 1 |  1.3
Armour         | 2 |  2.1
Fighting       | |  3.6
Unarmed Combat | |  2.5
Invocations    | |  2.4

Action                   || total
-------------------------++-------
Melee: Unarmed           ||    50
Invok: Depart the Abyss  ||     1
  Eat: Chunk             ||     4
Armor: Leather armour    ||    17
Dodge: Dodged            ||    46

Table legend:
 A = Non-vault XP
 B = Vault XP
 C = Vault XP percentage of total XP
 D = Non-vault monster count
 E = Vault monster count
 F = Vault count percentage of total count
                 A         B        C        D         E       F
            +---------+---------+-------+---------+---------+-------
      Total |      43 |       0 |   0.0 |      18 |       0 |   0.0
            +---------+---------+-------+---------+---------+-------
        D:1 |      26 |       0 |   0.0 |      15 |       0 |   0.0
        D:2 |      17 |       0 |   0.0 |       3 |       0 |   0.0
            +---------+---------+-------+---------+---------+-------
